 Dungeon Crawl Stone Soup version 0.16-a0-3855-gd2600ac (webtiles) character file.

618 timbw the Carver (level 7, 3/52 HPs)
             Began as a Human Fighter on Jan 31, 2015.
             Quit the game on level 7 of the Dungeon.
             The game lasted 00:08:27 (2025 turns).

timbw the Carver (Human Fighter)                    Turns: 2025, Time: 00:08:27

Health: 3/52       AC: 16    Str: 16    XL:     7   Next: 74%
Magic:  7/7        EV:  4    Int:  9    God:
Gold:   69         SH:  0    Dex: 14    Spells: 0 memorised, 6 levels left

rFire  . . .     SeeInvis .     a - +0 long sword
rCold  . . .     Clarity  .     c - +4 plate armour
rNeg   . . .     SustAb   .     (no shield)
rPois  .         Gourm    .     e - +0 helmet
rElec  .         Spirit   .     (no cloak)
rCorr  .         Warding  .     (no gloves)
rMut   .         Stasis   .     (no boots)
MR     .....                    g - amulet of inaccuracy (curse)
Stlth  ..........               (no ring)
                                (no ring)

@: lethally poisoned, not resistant to hostile enchantments, extremely
unstealthy
A: no striking features
a: no special abilities


You were on level 7 of the Dungeon.
You were not hungry.

You visited 1 branch of the dungeon, and saw 7 of its levels.

You collected 69 gold pieces.

Inventory:

Hand weapons
 a - a +0 long sword (weapon)
Missiles
 j - 8 tomahawks (quivered)
Armour
 b - a +0 scale mail
 c - a +4 plate armour (worn)
 e - a +0 helmet (worn)
 k - a +0 chain mail
Jewellery
 g - a cursed amulet of inaccuracy (around neck)
 l - an uncursed amulet of stasis
Magical devices
 f - a wand of magic darts (2)
 p - a wand of slowing (12)
Scrolls
 o - a scroll of enchant weapon
Potions
 m - a potion of magic
Comestibles
 d - 2 bread rations
 h - 3 chunks of flesh
 n - a meat ration


   Skills:
 - Level 3.0 Fighting
 + Level 8.1 Long Blades
 - Level 3.0 Armour
   Level 3.0 Shields


You had 6 spell levels left.
You didn't know any spells.

Dungeon Overview and Level Annotations

Branches:
Dungeon (7/15)
 Temple: D:4-7

Altars:
Gozag
Nemelex Xobeh
Trog

Shops:
D:5 (

Annotations:
D:5 Natasha; kroki's ghost, experienced OpFi
D:6 Eustachio


Message History

Drink which item? (? for menu, Esc to quit)
You feel better. The hippogriff barely misses you.
The hippogriff pecks you but does no damage.
The hippogriff claws you but does no damage.
Drink which item? (? for menu, Esc to quit)
It was a potion of poison.
That liquid tasted very nasty...
You are lethally poisoned!
* * * LOW HITPOINT WARNING * * *
You feel sick.
The hippogriff bites you but does no damage.
The hippogriff pecks you but does no damage.
The hippogriff claws you but does no damage.
You completely miss the hippogriff.
The hippogriff is severely wounded.
* * * LOW HITPOINT WARNING * * *
You feel sick. The hippogriff closely misses you. The hippogriff pecks you.
* * * LOW HITPOINT WARNING * * *
The hippogriff barely misses you.
Are you sure you want to abandon this character and quit the game? (Confirm with "yes".)

##.......
#.........
#.........#
#.........#
##.........#
#..........# #.<#
#?.# #@##
.........H.......
....#.###....#.
## ... ....# #..
...# #.. #+## #.


P You could see a hippogriff.

Vanquished Creatures
  Grinder (D:3)
  An orc warrior (D:6)
  A centaur (D:6)
  2 orc wizards
  2 worker ants
  4 adders
  A shadow imp (D:5)
  A giant mite (D:2)
  A worm (D:4)
  An adder zombie (D:6)
  4 giant geckos
  An ooze (D:3)
  12 orcs
  6 bats
  2 bat zombies (D:1)
  4 giant cockroaches
  2 hobgoblins
  4 jackals (D:5)
  2 quokkas
  A ball python (D:3)
  A giant gecko skeleton (D:5)
  2 giant newts
  8 goblins
  4 kobolds
  7 rats
75 creatures vanquished.

Notes
Turn   | Place    | Note
--------------------------------------------------------------
     0 | D:1      | timbw, the Human Fighter, began the quest for the Orb.
     0 | D:1      | Reached XP level 1. HP: 18/18 MP: 1/1
    50 | D:2      | Found an opulent altar of Gozag.
    66 | D:2      | Reached XP level 2. HP: 20/24 MP: 2/2
   160 | D:3      | Reached XP level 3. HP: 13/29 MP: 3/3
   286 | D:3      | Noticed Grinder
   672 | D:3      | Killed Grinder
   672 | D:3      | Reached skill level 6 in Long Blades
   672 | D:3      | Reached XP level 4. HP: 12/35 MP: 4/4
   672 | D:3      | Reached XP level 5. HP: 14/41 MP: 5/5
   672 | D:3      | Reached XP level 6. HP: 16/47 MP: 6/6
  1187 | D:4      | Found a bloodstained altar of Trog.
  1191 | D:5      | Entered Level 5 of the Dungeon
  1284 | D:5      | Found Fytaw's Antique Weapon Boutique.
  1302 | D:5      | Reached XP level 7. HP: 25/52 MP: 7/7
  1306 | D:5      | Noticed kroki's ghost (experienced OpFi)
  1326 | D:5      | Reached skill level 7 in Long Blades
  1345 | D:5      | Noticed Natasha
  1572 | D:6      | Noticed Eustachio
  1727 | D:6      | Found a sparkling altar of Nemelex Xobeh.
  1826 | D:6      | Reached skill level 8 in Long Blades
  1998 | D:7      | Noticed a hippogriff
  2020 | D:7      | HP: 2/52 [hippogriff (4)]
  2025 | D:7      | Quit the game

Action                   |  1- 3 |  4- 6 |  7- 9 || total
-------------------------+-------+-------+-------++-------
Melee: Long sword        |    60 |   126 |   104 ||   290
Throw: Tomahawk          |       |     3 |       ||     3
Evoke: Wand              |       |       |     5 ||     5
  Use: Scroll            |     1 |     4 |     1 ||     6
       Potion            |     1 |       |     6 ||     7
  Eat: Chunk             |       |     2 |     2 ||     4
